 Seeded DCSS version 0.31-a0-229-g1fc7ce93e2 (webtiles) character file.

Game seed: 13275427502194390118 (custom seed)

59 rocky1 the Ducker (level 4, -9/35 HPs)
             Began as a Merfolk Gladiator on July 6, 2023.
             Mangled by Duvessa
             ... wielding a +0 short sword
              (12 damage)
             ... on level 4 of the Dungeon.
             The game lasted 00:01:44 (664 turns).

rocky1 the Ducker (Merfolk Gladiator)                Turns: 664, Time: 00:01:44

Health: -9/35      AC:  6    Str: 26    XL:     4   Next: 3%
Magic:  4/4        EV: 14    Int:  7    God:
Gold:   30         SH:  0    Dex: 17    Spells: 3/3 levels left

rFire   . . .        a - +0 long sword
rCold   . . .        (no shield)
rNeg    . . .        b - +0 leather armour
rPois   .            c - +0 helmet
rElec   .            (no cloak)
rCorr   .            (no gloves)
SInv    .            (no boots)
Will    +....        (no amulet)
Stlth   +            f - +6 ring of strength
HPRegen 0.25/turn    m - +6 ring of strength
MPRegen 0.09/turn

%: no passive effects
@: enlightened, flying
A: (nimble swimmer 2), mertail, iridescent scales 1, screaming 1
a: no special abilities


You were on level 4 of the Dungeon.
You visited 1 branch of the dungeon, and saw 4 of its levels.

You collected 30 gold pieces.

Inventory:

Hand Weapons
 a - a +0 long sword (weapon)
Missiles
 d - 3 throwing nets (quivered)
 e - a javelin
 g - 6 poisoned darts
Armour
 b - a +0 leather armour (worn)
 c - a +0 helmet (worn)
 h - a +0 robe of resistance
Jewellery
 f - a +6 ring of strength (left hand)
 m - a +6 ring of strength (right hand)
Potions
 i - a potion of enlightenment
 j - a potion of mutation
 k - a potion of heal wounds {unknown}
 l - a potion of curing


   Skills:
 + Level 3.0 Fighting
 + Level 4.2 Long Blades
 + Level 2.6 Throwing
 + Level 4.7 Dodging


You had 3 spell levels left.
You didn't know any spells.
Your spell library was empty.

Dungeon Overview and Level Annotations

Branches:
Dungeon (4/15)
 Temple: D:4-7

Altars:
Nemelex Xobeh

Shops:
D:1 =

Annotations:
D:4 Duvessa


Innate Abilities, Weirdness & Mutations

((You are very nimble when in or above water. (Stealth+, EV+, Speed+++)))
Your lower body shifts to a powerful aquatic tail in water.
You are partially covered in iridescent scales. (AC +2)
You occasionally shout uncontrollably at your foes.


Message History

Found a cyan potion.
l - 2 cyan potions (gained 1)
Found a stone staircase leading down.
Found a hand axe.
A rat comes into view.
Found a silvery potion.
There is a stone staircase leading down here.
You climb downwards.
You hear the sound of rushing water.
There is an entrance to a sewer on this level.
Hurry and find it before the portal rusts away!
There is a stone staircase leading up here.
Found a +6 ring of strength.
m - a +6 ring of strength You feel stronger.
f - a +6 ring of strength (left hand)
You feel stronger.
m - a +6 ring of strength (right hand)
You hear the slow rusting of a distant drain.
Duvessa, Sister of Dowan comes into view.
She is wielding a +0 short sword.
Duvessa shouts!
It was a potion of mutation.
You feel extremely strange.
You feel the urge to shout.
Iridescent scales grow over part of your body.
Duvessa drinks a potion.
Duvessa seems to grow stronger.
Sorry, you're not good enough to have a special ability.
Sorry, you're not good enough to have a special ability.
It was a potion of enlightenment.
You feel very buoyant.
You fly up into the air.
Duvessa misses you.
You closely miss Duvessa.
Duvessa says, "When magic and the sword combine, nothing stands against them."
Duvessa closely misses you.
It was a potion of curing.
You feel better. Duvessa hits you with a +0 short sword!
You hit Duvessa but do no damage. Duvessa barely misses you.
You hit Duvessa but do no damage. Duvessa hits you with a +0 short sword!
You hit Duvessa but do no damage. Duvessa hits you with a +0 short sword!
* * * LOW HITPOINT WARNING * * *
You hit Duvessa but do no damage. Duvessa hits you with a +0 short sword!
You die...

#.#....#
..... ###
#########.###
..#
#............
#.#
#.###########
#.# #.#
#...... #.#
#.# #.#####
#e# #.# #.#
#@# #.# #.#
#.####.# #.#
#......# #.#
#.###### #<#
### ###


You could see Duvessa (strong).

Vanquished Creatures
  Jessica (D:2)
  2 adders (D:3)
  A dart slug (D:2)
  A giant cockroach (D:2)
  A hobgoblin (D:3)
  A kobold (D:2)
  4 quokkas
  A frilled lizard (D:2)
  A rat (D:3)
13 creatures vanquished.

Notes
Turn   | Place    | Note
-------+----------+-------------------------------------------
     0 | D:1      | rocky1 the Merfolk Gladiator began the quest for the Orb.
     0 | D:1      | Reached XP level 1. HP: 16/16 MP: 1/1
    10 | D:1      | Found Onlezats's Jewellery Emporium.
    89 | D:2      | Reached XP level 2. HP: 12/23 MP: 2/2
   137 | D:2      | Noticed Jessica
   149 | D:2      | Killed Jessica
   150 | D:2      | Reached XP level 3. HP: 28/28 MP: 3/3
   328 | D:3      | Found a sparkling altar of Nemelex Xobeh.
   524 | D:3      | Reached XP level 4. HP: 35/35 MP: 4/4
   653 | D:4      | Noticed Duvessa
   657 | D:4      | Gained mutation: You occasionally shout uncontrollably at
                  | your foes. [potion of mutation]
   657 | D:4      | Gained mutation: You are partially covered in iridescent
                  | scales. (AC +2) [potion of mutation]
   664 | D:4      | Mangled by Duvessa

Illustrated notes

Levels and vault maps discovered:
D:1:      erik_arrival_blinker_ship, layout_loops_ring, serial_shops, shop,
          shop, shop, nicolae_shop_rolling_square
D:2:      layout_rooms, ebering_ecumenical_altar_hall, basic_altar,
          uniq_natasha, uniq_jessica
D:3:      layout_loops_ring, mainiacjoe_overflow_cross_hatched
D:4:      layout_basic, fedhas_altar_2, minmay_temple_entry_ruins,
          cheibrodos_sewer_entry_sluice, grunt_ministairs_12, uniq_duvessa

Skill      XL: |  1  2  3 |
---------------+----------+-----
Long Blades    | 4 |  4.2
Fighting       | 3 |  3.0
Throwing       | |  2.6
Dodging        | |  4.7

Action                     |  1- 3 |  4- 6 || total
---------------------------+-------+-------++-------
  Melee: Long sword        |    37 |    12 ||    49
    Use: Potion            |       |     3 ||     3
   Stab: Sleeping          |     1 |       ||     1
 Armour: Leather armour    |     6 |       ||     6
  Dodge: Dodged            |    33 |     9 ||    42

Table legend: (Time is in decaauts)
 A = Elapsed time spent in this place.
 B = Non-inter-level travel time spent in this place.
 C = Inter-level travel time spent in this place.
 D = Time resting spent in this place.
 E = Time spent auto-exploring this place.
 F = Levels seen in this place.
 G = Mean time per level.
                   A        B        C        D        E       F      G
               +--------+--------+--------+--------+--------+-----+--------+
         Total |    672 |    672 |      0 |    288 |    105 |   4 |  168.0 |
       Dungeon |    672 |    672 |      0 |    288 |    105 |   4 |  168.0 |
               +--------+--------+--------+--------+--------+-----+--------+

Top non-repeatable levels by time:
     D:3: 433 daAuts
     D:2: 98 daAuts
     D:1: 77 daAuts
     D:4: 62 daAuts
